 Dungeon Crawl Stone Soup version 0.21.1-1-g345015fe64 (console) character file.

92614 KingHarkinian the Fighter (level 15, 165/165 HPs)
             Began as a Troll Monk on Apr 28, 2018.
             Was the Champion of Qazlal.
             Quit the game on level 2 of the Snake Pit on May 3, 2018.
             The game lasted 01:56:22 (21191 turns).

KingHarkinian the Fighter (Troll Monk)             Turns: 21191, Time: 01:56:22

Health: 165/165    AC: 18    Str: 28    XL:     15   Next: 58%
Magic:  17/17      EV: 18    Int:  6    God:    Qazlal [******]
Gold:   1644       SH: 11    Dex: 12    Spells: 14/14 levels left

rFire    + + .     SeeInvis .     - Unarmed
rCold    x . .     Gourm    +   (no shield)
rNeg     . . .     Faith    .   r - +3 fire dragon scales
rPois    +         Spirit   .   (helmet restricted)
rElec    .         Reflect  +   i - +0 cloak
rCorr    .         Harm     .   (gloves unavailable)
MR       +....                  (boots unavailable)
Stlth    ..........             h - +3 amulet of reflection
HPRegen  0.77/turn              o - ring of poison resistance
MPRegen  0.15/turn              L - +5 ring of evasion

@: repel missiles
A: large, unfitting armour, claws 3, fast metabolism 3, gourmand, regeneration
1, shaggy fur 1, tough skin 2
a: Upheaval, Elemental Force, Disaster Area, Renounce Religion


You were on level 2 of the Snake Pit.
You worshipped Qazlal.
Qazlal was exalted by your worship.
You were not hungry.

You visited 5 branches of the dungeon, and saw 22 of its levels.

You collected 2254 gold pieces.
You spent 610 gold pieces at shops.


Innate Abilities, Weirdness & Mutations

You are too large for most types of armour.
You have claws for hands.
Your metabolism is lightning-fast.
You like to eat raw meat.
Your natural rate of healing is unusually fast.
You are covered in fur. (AC +1)
You have very tough skin. (AC +2)


   Skills:
 * Level 14.6 Fighting
 - Level 3.0 Maces & Flails
 - Level 8.0 Armour
 - Level 10.0 Dodging
 - Level 1.0 Stealth
 + Level 13.9 Unarmed Combat
 - Level 5.0 Invocations
 - Level 5.0 Evocations


You had 14 spell levels left.
You didn't know any spells.

Inventory:

Hand Weapons
 j - a +4 great mace of holy wrath
 B - a +1 whip of venom
Missiles
 d - 572 stones
 G - 7 curare-tipped needles {=f}
 I - 27 tomahawks (quivered)
 O - 9 exploding tomahawks
 S - 16 javelins
 Z - a throwing net {=f}
Armour
 i - a +0 cloak (worn)
 r - +3 fire dragon scales (worn)
Jewellery
 a - the ring of Yceureth {rN+ MR+}

   [ring of protection from magic]

   It protects you from negative energy.
   It affects your resistance to hostile enchantments.
 c - an uncursed ring of protection from cold
 f - an uncursed ring of protection from fire
 h - a +3 amulet of reflection (around neck)
 l - an uncursed ring of flight
 o - a ring of poison resistance (left claw)
 s - an uncursed ring of see invisible
 y - a +3 ring of dexterity
 C - an uncursed ring of positive energy
 L - a +5 ring of evasion (right claw)
Wands
 A - a wand of acid (2)
 D - a wand of digging (7)
 F - a wand of random effects (34)
 P - a wand of paralysis (12)
 V - a wand of flame (8)
Scrolls
 g - 4 scrolls of fear
 k - 3 scrolls of immolation {!r}
 q - a scroll of holy word
 w - 8 scrolls of blinking
 E - 2 scrolls of fog
 M - 4 scrolls of magic mapping
 N - 13 scrolls of remove curse
 R - 6 scrolls of identify {@r1}
 T - 3 scrolls of teleportation {@r4}
 U - a scroll of enchant weapon
Potions
 b - 3 potions of flight
 e - 2 potions of lignification {!q}
 n - a potion of resistance
 p - 2 potions of might
 t - a potion of magic
 v - 4 potions of heal wounds {@q2}
 x - 2 potions of berserk rage {!q}
 H - 5 potions of haste {@q3}
 K - 3 potions of invisibility
 Q - 7 potions of curing {@q1}
 W - 4 potions of brilliance
 X - 2 potions of agility
Books
 J - a book of Changes

   Spells                             Type                      Level
   a - Beastly Appendage              Transmutation                1
   b - Sticks to Snakes               Transmutation                2
   c - Spider Form                    Transmutation/Poison         3
   d - Ice Form                       Ice/Transmutation            4
   e - Blade Hands                    Transmutation                5
Miscellaneous
 m - a phantom mirror
 u - a lightning rod (4/4)
 Y - a lamp of fire
Comestibles
 z - 40 rations

Dungeon Overview and Level Annotations

Branches:
Dungeon (11/15)            Temple (1/1) D:5            Lair (6/6) D:10
 Shoals (0/4) Lair:2        Snake (2/4) Lair:3        Slime (0/5) Lair:5
    Orc (2/2) D:10            Elf (0/3) Orc:2

Altars:
Ashenzari
Cheibriados
Dithmenos
Elyvilon
Fedhas
Gozag
Hepliaklqana
Kikubaaqudgha
Makhleb
Nemelex Xobeh
Okawaru
Qazlal
Ru
Sif Muna
Trog
Uskayaw
Vehumet
Wu Jian
Xom
Yredelemnul
Zin
The Shining One
Beogh

Shops:
D:7 }%?=   D:8 ?   D:10 *   D:11 ?(?*   Orc:2 }!(?

Portals:
Pandemonium: Orc:2

#'(###
.######....#
.........(.#
........)).#
......†()(.#
.########))#
#).#
#####++##
#..§§@..##
#........##
#....§.§..#
#.........#
#.........#
#.........#
#.........#
#........##
+.......##


There were no monsters in sight!


Message History

You feel sick.
You feel sick.
You feel sick.
You feel sick.
You feel sick.
You feel sick.
You feel sick.
You feel sick.
Your protection from physical attacks is fading.
You feel sick.
You feel sick.
You feel sick.
You feel less protected from physical attacks.
You feel sick.
You feel sick.
You feel sick.
You feel sick.
You feel sick.
You feel sick.
You feel sick.
You are no longer poisoned.
You feel less vulnerable to poison.
HP restored.
Saving game... please wait.
Welcome back, KingHarkinian the Troll Monk.
Qazlal says: Let the forces of nature tear it all down!
Okay, then.
Quiver which item? (- for none, * to show all) (? for menu, Esc to quit)
Okay, then.
Are you sure you want to abandon this character and quit the game? (Confirm with "yes".)

Action                   |  1- 3 |  4- 6 |  7- 9 | 10-12 | 13-15 || total
-------------------------+-------+-------+-------+-------+-------++-------
Melee: Unarmed           |    80 |   135 |   280 |   537 |   923 ||  1955
       Punch             |     3 |     5 |     8 |    39 |    73 ||   128
       Morningstar       |       |       |       |     4 |       ||     4
Throw: Stone             |   111 |    53 |     8 |    73 |   178 ||   423
       Tomahawk          |       |    44 |   115 |   115 |   159 ||   433
       Javelin           |       |       |       |    10 |       ||    10
Invok: Upheaval          |       |       |     1 |       |     4 ||     5
       Elemental Force   |       |       |       |       |     1 ||     1
Evoke: Wand              |       |       |       |     8 |    14 ||    22
       Lightning rod     |       |       |       |     4 |     6 ||    10
  Use: Scroll            |       |     6 |     4 |    14 |     7 ||    31
       Potion            |       |       |       |     2 |     1 ||     3
 Stab: Sleeping          |       |     1 |       |       |       ||     1
       Invisible         |       |       |     2 |       |       ||     2
  Eat: Chunk             |    18 |    17 |    32 |    52 |    80 ||   199
Armor: Robe              |    26 |    29 |       |       |       ||    55
       Fire dragon scale |       |    14 |   126 |   187 |   236 ||   563
Dodge: Dodged            |    39 |    50 |    92 |   239 |   488 ||   908
       Deflected         |       |       |       |    14 |    31 ||    45
Block: Other             |       |       |    29 |   227 |   474 ||   730
       Reflection        |       |       |       |    17 |    36 ||    53

Vault maps used:
D:1:      minmay_arrival_four_houses
D:3:      first_ration, yredelemnul_altar_generic
D:4:      evilmike_ruin_ashenzari
D:5:      temple_fountains, minivault_19, uniq_grinder
D:6:      uniq_sigmund
D:7:      serial_shops, nicolae_shop_behind_doors, nicolae_shop_window_shopping,
          shop, nicolae_shop_temple_entry_statues_fountains,
          hangedman_decor_push, hangedman_abyss_or_decor_stagger,
          grunt_ministairs_6, the_bakery, uniq_crazy_yiuf_cottage, uniq_menkaure
D:8:      serial_shops, shop, nicolae_ru_great_annihilating_truth, uniq_psyche
D:9:      nicolae_gozag_seed_capital, tso_altar
D:10:     minmay_lair_entry_lava, david_orc_5, nicolae_antique_artefacts,
          uniq_harold
D:11:     serial_shops, shop, shop, nicolae_shop_statue_plus, shop_scrolls,
          shop, grunt_ministairs_1, minmay_beelzebubs_servants
Temple:   minmay_crystal_snake_temple
Lair:1:   uniq_joseph
Lair:2:   shoals_dummy_entry, minivault_25, lemuel_centaur_altar,
          grunt_megastairs_4
Lair:3:   guppyfry_snake_entry_garden, serial_bayou, serial_bayou_pond_e,
          serial_bayou_shore_b, serial_bayou_lagoon_a, serial_bayou_pond_d,
          serial_bayou_ford_a
Lair:4:   hibernation_bobbens, lemuel_fruit_fields, grunt_megastairs_5,
          uniq_rupert
Lair:5:   minmay_slime_entry_pillars, lemuel_fruit_tree
Lair:6:   evilmike_catoblepas_cave, nicolae_lair_yak_garden, grunt_megastairs_2
Snake:1:  grunt_ministairs_1
Snake:2:  serial_shops, shop
Orc:1:    basic_altar, elf_legates, uniq_nergalle, uniq_snorg
Orc:2:    pf_orc_diabolical, rock_pile

Notes
Turn   | Place    | Note
-------+----------+-------------------------------------------
     0 | D:1      | KingHarkinian the Troll Monk began the quest for the Orb.
     0 | D:1      | Reached XP level 1. HP: 22/22 MP: 0/0
   205 | D:1      | Reached XP level 2. HP: 29/29 MP: 1/1
   477 | D:1      | Reached skill level 4 in Unarmed Combat
   807 | D:2      | Reached XP level 3. HP: 36/36 MP: 2/2
  1333 | D:2      | Reached XP level 4. HP: 33/44 MP: 3/3
  1556 | D:2      | Reached skill level 5 in Unarmed Combat
  2014 | D:3      | Found a basalt altar of Yredelemnul.
  2034 | D:3      | Reached XP level 5. HP: 8/50 MP: 4/4
  2084 | D:3      | Reached skill level 6 in Unarmed Combat
  2542 | D:4      | Reached XP level 6. HP: 58/59 MP: 5/5
  2595 | D:4      | Reached skill level 7 in Unarmed Combat
  2600 | D:4      | Found a shattered altar of Ashenzari.
  3251 | D:5      | Entered Level 5 of the Dungeon
  3331 | D:5      | Reached skill level 8 in Unarmed Combat
  3331 | D:5      | Reached XP level 7. HP: 66/66 MP: 6/6
  3503 | D:5      | Noticed Grinder
  3512 | D:5      | Killed Grinder
  3512 | D:5      | Reached skill level 3 in Fighting
  3512 | D:5      | Reached skill level 1 in Maces & Flails
  3512 | D:5      | Reached skill level 1 in Armour
  3531 | D:5      | Found a staircase to the Ecumenical Temple.
  3546 | D:5      | Reached skill level 3 in Dodging
  3563 | Temple   | Entered the Ecumenical Temple
  3592 | Temple   | Became a worshipper of Qazlal Stormbringer
  3592 | Temple   | Reached * piety under Qazlal
  3592 | Temple   | Reached ** piety under Qazlal
  4454 | D:6      | Reached XP level 8. HP: 78/78 MP: 7/7
  4471 | D:6      | Noticed Sigmund
  4471 | D:6      | Reached skill level 2 in Maces & Flails
  4492 | D:6      | Killed Sigmund
  4492 | D:6      | Reached skill level 4 in Fighting
  4492 | D:6      | Reached skill level 2 in Armour
  4614 | D:6      | Reached skill level 3 in Maces & Flails
  4688 | D:6      | Reached skill level 5 in Fighting
  4839 | D:6      | Reached skill level 4 in Dodging
  4910 | D:6      | Reached skill level 3 in Armour
  4955 | D:6      | Reached XP level 9. HP: 88/88 MP: 8/8
  4997 | D:6      | Reached skill level 1 in Evocations
  5390 | D:7      | Found Funtudi's Gadget Boutique.
  5725 | D:7      | Reached skill level 6 in Fighting
  5798 | D:7      | Noticed Menkaure
  5801 | D:7      | Found Xaheulu's Jewellery Shop.
  5806 | D:7      | Killed Menkaure
  5806 | D:7      | Reached skill level 2 in Evocations
  5896 | D:7      | Found Waheis's Food Shoppe.
  5956 | D:7      | Found Lucoluet's Magic Scroll Boutique.
  5964 | D:7      | Reached *** piety under Qazlal
  5970 | D:7      | Bought a scroll of blinking for 75 gold pieces
  5970 | D:7      | Bought a scroll of identify for 20 gold pieces
  5970 | D:7      | Bought a scroll of fog for 20 gold pieces
  5970 | D:7      | Bought a scroll of fear for 35 gold pieces
  5970 | D:7      | Bought a scroll of remove curse for 30 gold pieces
  5970 | D:7      | Bought a scroll of teleportation for 30 gold pieces
  5970 | D:7      | Bought a scroll of remove curse for 30 gold pieces
  5970 | D:7      | Bought a scroll of remove curse for 30 gold pieces
  5986 | D:7      | Found a runed door.
  6339 | D:7      | Noticed Crazy Yiuf
  6342 | D:7      | Killed Crazy Yiuf
  6494 | D:8      | Found a sacrificial altar of Ru.
  6533 | D:8      | Reached skill level 4 in Armour
  6599 | D:8      | Noticed Psyche
  6606 | D:8      | Killed Psyche
  6606 | D:8      | Reached skill level 5 in Dodging
  6696 | D:8      | Noticed a two-headed ogre
  6708 | D:8      | Killed a two-headed ogre
  6708 | D:8      | Reached skill level 7 in Fighting
  6708 | D:8      | Reached skill level 9 in Unarmed Combat
  6708 | D:8      | Reached XP level 10. HP: 69/102 MP: 9/11
  6864 | D:8      | Noticed a two-headed ogre
  6873 | D:8      | Killed a two-headed ogre
  6873 | D:8      | Reached skill level 3 in Evocations
  7078 | D:8      | Noticed an eight-headed hydra
  7088 | D:8      | Killed an eight-headed hydra
  7301 | D:8      | Found Gayhuwot's Magic Scroll Boutique.
  7309 | D:8      | Bought 3 scrolls of identify for 72 gold pieces
  7496 | D:9      | Noticed a two-headed ogre
  7506 | D:9      | Killed a two-headed ogre
  7506 | D:9      | Reached skill level 5 in Armour
  7531 | D:9      | Found an opulent altar of Gozag.
  7694 | D:9      | Reached skill level 8 in Fighting
  8204 | D:9      | Reached XP level 11. HP: 80/111 MP: 12/12
  8240 | D:9      | Found a glowing golden altar of the Shining One.
  8299 | D:10     | Entered Level 10 of the Dungeon
  8313 | D:9      | Reached skill level 6 in Dodging
  8316 | D:9      | Reached **** piety under Qazlal
  8490 | D:10     | Reached skill level 4 in Evocations
  8524 | D:10     | Noticed a two-headed ogre
  8530 | D:10     | Killed a two-headed ogre
  8578 | D:10     | Noticed a deep elf mage
  8604 | D:10     | Killed a deep elf mage
  8646 | D:10     | Noticed a two-headed ogre
  8652 | D:10     | Killed a two-headed ogre
  8783 | D:10     | Found a roughly hewn altar of Beogh.
  8783 | D:10     | Found a staircase to the Orcish Mines.
  8783 | D:10     | Noticed Harold
  8801 | D:10     | Reached ***** piety under Qazlal
  8803 | D:10     | Reached skill level 10 in Unarmed Combat
  8825 | D:10     | Killed Harold
  8825 | D:10     | Reached skill level 9 in Fighting
  8998 | D:10     | Noticed DildoBatman's ghost (journeyman FoWz)
  9015 | D:10     | Killed DildoBatman's ghost
  9015 | D:10     | Reached skill level 6 in Armour
  9034 | D:10     | Found a staircase to the Lair.
  9038 | D:10     | Found Wuddis's Antique Artefacts.
  9174 | D:11     | Found Vablao's Magic Scroll Emporium.
  9298 | D:11     | Bought a scroll of teleportation for 36 gold pieces
  9298 | D:11     | Bought a scroll of teleportation for 36 gold pieces
  9344 | D:11     | Found Ujuklorph's Armour Shoppe.
  9374 | D:10     | Reached skill level 5 in Evocations
  9518 | D:11     | Reached XP level 12. HP: 104/124 MP: 14/14
  9565 | D:11     | Reached skill level 1 in Invocations
  9570 | D:11     | Reached skill level 7 in Dodging
  9610 | D:11     | Found Cucam's Magic Scroll Shop.
  9907 | D:11     | Bought 3 scrolls of identify for 84 gold pieces
  9907 | D:11     | Bought 2 scrolls of teleportation for 84 gold pieces
  9907 | D:11     | Bought a scroll of identify for 28 gold pieces
  9909 | D:11     | Identified a potion of resistance
  9925 | D:11     | Reached skill level 2 in Invocations
  9940 | D:11     | Found Nofenyus's Assorted Antiques.
  9980 | D:11     | Reached skill level 10 in Fighting
 10014 | D:11     | Noticed a two-headed ogre
 10020 | D:11     | Killed a two-headed ogre
 10154 | D:11     | Found Baumasch's Antique Weapon Shop.
 10366 | Lair:1   | Entered Level 1 of the Lair of Beasts
 10373 | Lair:1   | Noticed Joseph
 10388 | Lair:1   | Killed Joseph
 10640 | Lair:1   | Reached skill level 3 in Invocations
 11357 | Lair:2   | Reached skill level 7 in Armour
 11383 | Lair:2   | Reached ****** piety under Qazlal
 11393 | Lair:2   | Reached skill level 11 in Unarmed Combat
 11430 | Lair:2   | Found a blossoming altar of Fedhas.
 11658 | Lair:2   | Reached XP level 13. HP: 136/136 MP: 15/15
 11912 | Lair:2   | Found a staircase to the Shoals.
 12390 | Lair:3   | Reached skill level 4 in Invocations
 12462 | Lair:3   | Reached skill level 11 in Fighting
 12462 | Lair:3   | Reached skill level 8 in Dodging
 12966 | Lair:3   | Found a staircase to the Snake Pit.
 13585 | Lair:4   | Noticed Rupert
 13587 | Lair:4   | Paralysed by Rupert for 2 turns
 13595 | Lair:4   | Killed Rupert
 14108 | Lair:4   | Got a scorched wooden ring
 14233 | Lair:4   | Identified the ring of Yceureth {rN+ MR+} (You found it on level 4 of the Lair of Beasts)
 14349 | Lair:5   | Found a staircase to the Slime Pits.
 14372 | Lair:5   | Reached skill level 5 in Invocations
 14522 | Lair:5   | Reached skill level 8 in Armour
 15197 | Lair:6   | Entered Level 6 of the Lair of Beasts
 15248 | Lair:6   | Reached skill level 12 in Fighting
 15381 | Lair:6   | Reached skill level 12 in Unarmed Combat
 15556 | Lair:6   | Reached XP level 14. HP: 126/149 MP: 16/16
 15748 | Lair:6   | Reached skill level 9 in Dodging
 16681 | Orc:1    | Entered Level 1 of the Orcish Mines
 16713 | Orc:1    | Noticed Nergalle
 16713 | Orc:1    | Noticed Snorg
 16799 | Orc:1    | Killed Snorg
 16803 | Orc:1    | Killed Nergalle
 16985 | Orc:1    | Noticed an orc warlord
 16997 | Orc:1    | Killed an orc warlord
 16997 | Orc:1    | Reached skill level 13 in Fighting
 17098 | Orc:1    | Found a roughly hewn altar of Beogh.
 17478 | Orc:2    | Entered Level 2 of the Orcish Mines
 17786 | Orc:2    | Paralysed by an orc sorcerer for 7 turns
 18123 | Orc:2    | Found Gaodgh's Distillery.
 18133 | Orc:2    | Found Viyx's Magic Scroll Shop.
 18287 | Orc:2    | Reached skill level 13 in Unarmed Combat
 18412 | Orc:2    | Found a staircase to the Elven Halls.
 18862 | Orc:2    | Reached skill level 10 in Dodging
 18881 | Orc:2    | Reached XP level 15. HP: 54/161 MP: 17/17
 19132 | Orc:2    | Found Diusimon's Antique Weapon Emporium.
 19132 | Orc:2    | Found Ebikaf's Gadget Shoppe.
 19132 | Orc:2    | Found a one-way gate leading to the halls of Pandemonium.
 19509 | Snake:1  | Entered Level 1 of the Snake Pit
 19885 | Lair:3   | Reached skill level 14 in Fighting
 21191 | Snake:2  | Quit the game

Vanquished Creatures
  Rupert (Lair:4)
  An orc warlord (Orc:1)
  The ghost of DildoBatman the Jinx, a journeyman FoWz of Sif Muna (D:10)
  6 hydras
  A naga warrior (Snake:1)
  Harold (D:10)
  4 catoblepae (Lair:6)
  4 anacondas
  7 two-headed ogres
  7 death yaks (Lair:6)
  6 orc high priests
  3 naga sharpshooters
  3 shock serpents
  Nergalle (Orc:1)
  A soul eater (Orc:2)
  A deep elf knight (Orc:1)
  A salamander mystic (Snake:2)
  A torturous demonspawn (Orc:2)
  3 naga ritualists
  A deep elf mage (D:10)
  5 orc knights
  9 mana vipers
  2 salamanders (Lair:3)
  2 cyclopes (D:11)
  2 manticores (Lair:6)
  Joseph (Lair:1)
  9 orc sorcerers
  7 elephants
  13 black mambas
  Psyche (D:8)
  4 naga magi
  7 orange demons
  12 spiny frogs
  2 rime drakes
  A kobold demonologist (D:11)
  8 komodo dragons
  2 hellwings (Orc:2)
  2 red devils (D:11)
  3 polar bears
  6 trolls
  14 blink frogs
  Grinder (D:5)
  2 slime creatures (Lair:5)
  7 hippogriffs
  Sigmund (D:6)
  A spriggan (D:7)
  2 wyverns
  44 yaks
  3 basilisks
  A steam dragon (D:10)
  2 chaos spawn (Orc:2)
  2 hungry ghosts (D:7)
  Menkaure (D:7)
  6 nagas
  12 water moccasins
  2 hell hounds (D:10)
  5 porcupines
  A phantom (D:6)
  An ice beast (D:9)
  36 orc warriors
  A black bear (D:10)
  10 ogres
  10 crocodiles
  8 centaurs
  2 big kobolds (D:11)
  15 bullfrogs
  A wyvern zombie (D:6)
  7 scorpions
  11 killer bees
  8 wights
  5 jellies
  5 crimson imps
  A bullfrog zombie (D:11)
  A centaur zombie (D:7)
  A quasit (D:11)
  29 orc priests
  Crazy Yiuf (D:7)
  A gnoll shaman (D:7)
  8 hounds
  2 bullfrog skeletons
  A centaur skeleton (D:4)
  2 iguanas
  25 orc wizards
  4 worker ants
  2 hound zombies
  A howler monkey zombie (D:9)
  8 gnolls
  14 adders
  5 shadow imps
  2 oozes
  An adder skeleton (D:5)
  3 worms
  3 dart slugs
  7 leopard geckos
  88 orcs
  3 giant cockroaches
  12 goblins
  9 hobgoblins
  10 jackals
  3 quokkas
  A ball python (D:4)
  4 bats
  6 frilled lizards
  A giant cockroach zombie (D:5)
  2 jackal zombies
  10 kobolds
  6 rats
  2 butterflies (Lair:4)
  A fungus (Lair:1)
  A plant (Lair:3)
660 creatures vanquished.

Vanquished Creatures (collateral kills)
  Snorg (Orc:1)
  An orc warrior (Orc:1)
  An orc (Orc:1)
3 creatures vanquished.

Vanquished Creatures (others)
  A naga sharpshooter (Snake:2)
  2 orc warriors (Orc:2)
  4 fungi
  9 plants
16 creatures vanquished.

Grand Total: 679 creatures vanquished
